 Dungeon Crawl Stone Soup version 0.26-a0-660-gc07710193c (console) character file.

Game seed: 4249772881925238700

46 hyperwheals the Skirmisher (level 3, 0/35 HPs)
             Began as a Palentonga Delver on Oct 7, 2020.
             Was an Initiate of Trog.
             Killed from afar by an orc wizard (6 damage)
             ... with a magic dart
             ... on level 4 of the Dungeon.
             The game lasted 00:01:46 (297 turns).

hyperwheals the Skirmisher (Palentonga Delver)       Turns: 297, Time: 00:01:47

Health: 0/35       AC:  5    Str: 16    XL:     3   Next: 46%
Magic:  3/3        EV:  8    Int: 10    God:    Trog [......]
Gold:   31         SH:  0    Dex: 11    Spells: 2/2 levels left

rFire    . . .     SeeInvis +   a - +0 hand axe
rCold    . . .     Faith    .   (no shield)
rNeg     . . .     Spirit   .   h - +0 ring mail (curse)
rPois    .         Reflect  .   (no helmet)
rElec    .         Harm     .   (no cloak)
rCorr    .         Rampage  .   (no gloves)
MR       .....                  (no barding)
Stlth    ++........             (no amulet)
HPRegen  0.11/turn              i - ring of wizardry
MPRegen  0.08/turn              (no ring)

@: no status effects
A: large, rugged brown scales 3, see invisible, deformed body, roll, armoured
tail
a: Rolling Charge, Renounce Religion


You were on level 4 of the Dungeon.
You worshipped Trog.
Trog was noncommittal.
You visited 1 branch of the dungeon, and saw 2 of its levels.

You collected 31 gold pieces.

Inventory:

Hand Weapons
 a - a +0 hand axe (weapon)
Armour
 b - a +0 leather armour
 h - a cursed +0 ring mail (worn)
   (You found it on level 5 of the Dungeon)
Jewellery
 i - a ring of wizardry (left hand)
   (You found it on level 4 of the Dungeon)
Wands
 g - a wand of digging (1)
Scrolls
 c - a scroll of fog
 d - a scroll of remove curse {unknown}
 e - a scroll of fear
Potions
 f - a potion of haste {!q}


   Skills:
 - Level 3.6 Fighting
 + Level 3.2 Axes
 - Level 1.5 Dodging
 - Level 3.3 Stealth


You had 2 spell levels left.
You didn't know any spells.
Your spell library was empty.

Dungeon Overview and Level Annotations

Branches:
Dungeon (5/15)
 Temple: D:4-7

Altars:
Trog


Innate Abilities, Weirdness & Mutations

You are completely covered in rugged brown scales. (AC +3, +7% HP)
You have supernaturally acute eyesight. (SInv)
Armour fits poorly on your strangely shaped body.
You can roll at foes to attack.
You have a long armoured tail.


Message History

Aim: an orc wizard, wielding a +0 dagger and wearing a +0 robe You roll forward with a clatter of scales!
You slash the orc wizard! You tail-slap the orc wizard!
You kill the orc wizard!
Trog accepts your kill.
Trog appreciates your killing of a magic user.
Your Axes skill increases to level 3!
You have reached level 3!
Your experience leads to an increase in your attributes!
Increase (S)trength, (I)ntelligence, or (D)exterity?
You feel stronger.
You hear a shout!
Things that are here:
a +0 dagger; a +0 robe A jackal comes into view.
Found 8 poisoned darts. 2 jackals come into view.
The jackal barks! x3
The orc wizard casts a spell.
The orc wizard flickers and vanishes for a moment.
You hit the jackal.
You kill the jackal!
Trog accepts your kill.
The jackal stops to sniff the ground.
You closely miss the jackal. The jackal barely misses you.
You hit the jackal.
You kill the jackal!
Trog accepts your kill.
A jackal comes into view.
The jackal barely misses you.
The jackal barks!
You hit the orc but do no damage. You hit the jackal.
The orc barely misses you.
The jackal bites you but does no damage.
You hit the jackal.
The jackal is almost dead.
You barely miss the orc. The jackal bites you.
The orc hits you but does no damage. The jackal bites you.
You hit the jackal.
You kill the jackal!
Trog accepts your kill.
You closely miss the orc.
The jackal bites you but does no damage.
You hit the orc wizard.
Your tail-slap misses the orc wizard.
The orc wizard is lightly wounded.
You hit the jackal.
The jackal bites you but does no damage.
You closely miss the jackal.
The jackal is moderately wounded.
You hit the orc wizard. The jackal barely misses you.
The orc wizard hits you but does no damage.
The jackal bites you but does no damage.
The orc wizard hits you but does no damage.
You hit the jackal. You tail-slap the jackal.
You kill the jackal!
Trog accepts your kill.
You completely miss the orc wizard.
The orc wizard hits you but does no damage.
You closely miss the orc wizard.
The orc wizard is lightly wounded.
The orc wizard hits you with a +3 dagger.
You closely miss the orc wizard.
The orc wizard is lightly wounded.
The orc wizard hits you but does no damage.
You hit the orc wizard but do no damage.
The orc wizard is lightly wounded.
The orc wizard hits you with a +3 dagger.
You hit the orc wizard but do no damage.
Your tail-slap misses the orc wizard.
The orc wizard is lightly wounded.
The orc wizard gestures at you while chanting.
The magic dart hits you.
You closely miss the orc wizard.
The orc wizard is lightly wounded.
The orc wizard hits you with a +3 dagger.
* * * LOW HITPOINT WARNING * * *
The orc wizard hits you but does no damage.
You miss the orc wizard. You tail-slap the orc wizard.
The orc wizard is moderately wounded.
The orc wizard hits you but does no damage.
Unknown command.
You slash the orc wizard!
Your tail-slap misses the orc wizard.
The orc wizard is almost dead.
The orc wizard gestures at you while chanting.
The magic dart hits you!
* * * LOW HITPOINT WARNING * * *
Unknown command.
You barely miss the orc wizard.
The orc wizard is almost dead.
The orc wizard closely misses you.
Okay, then.
You barely miss the orc wizard.
The orc wizard is almost dead.
The orc wizard misses you.
You barely miss the orc wizard.
You tail-slap the orc wizard, but do no damage.
The orc wizard is almost dead.
The orc wizard hits you but does no damage.
The orc wizard gestures at you while chanting.
The magic dart hits you.
You die...

### #######.# #.......#
#.#####.########### ###.#
#.#..(.†Hoo.# ....#
#.#.#######.# #########.# #.#
o# ..........# #.# o#
########### #.# o# ######## #o#
.# #......###+## #.# .#
#.####.#....# #o# .#
##.####.#....######)####.#.####


You could see an orc wizard (invisible) and an orc.

Vanquished Creatures
  An orc wizard (D:4)
  A white imp (D:4)
  A ball python (D:5)
  6 jackals (D:5 D:4)
9 creatures vanquished.

Notes
Turn   | Place    | Note
-------+----------+-------------------------------------------
     0 | D:5      | hyperwheals the Palentonga Delver began the quest for the
                  | Orb.
     0 | D:5      | Reached XP level 1. HP: 20/20 MP: 1/1
     0 | D:5      | @:seems rigged
    61 | D:5      | Found a bloodstained altar of Trog.
    69 | D:5      | Became a worshipper of Trog the Wrathful
    84 | D:5      | Noticed a centaur
   195 | D:4      | Reached XP level 2. HP: 20/28 MP: 2/2
   267 | D:4      | Reached XP level 3. HP: 34/35 MP: 3/3
   297 | D:4      | Killed from afar by an orc wizard

Action                   || total
-------------------------++-------
Melee: Hand axe          ||    34
       Tailslap          ||     4
 Abil: Rolling Charge    ||     6
Evoke: Wand              ||     2
  Use: Scroll            ||     1
Armor: Ring mail         ||    14
Dodge: Dodged            ||    10

Levels and vault maps discovered:
D:4:      layout_basic, lemuel_temple_firewalk_b
D:5:      layout_basic, serial_shops, shop, basic_altar, uniq_grinder

Table legend: (Time is in decaauts)
 A = Elapsed time spent in this place.
 B = Non-inter-level travel time spent in this place.
 C = Inter-level travel time spent in this place.
 D = Time resting spent in this place.
 E = Time spent auto-exploring this place.
 F = Levels seen in this place.
 G = Mean time per level.
                   A        B        C        D        E       F      G
               +--------+--------+--------+--------+--------+-----+--------+
         Total |    302 |    302 |      0 |      3 |     83 |   2 |  151.0 |
       Dungeon |    302 |    302 |      0 |      3 |     83 |   2 |  151.0 |
               +--------+--------+--------+--------+--------+-----+--------+

Top non-repeatable levels by time:
     D:5: 164 daAuts
     D:4: 138 daAuts

Table legend:
 A = Kills in this place as a percentage of kills in entire the game.
 B = Kills by you in this place as a percentage of kills by you in the entire game.
 C = Kills by friends in this place as a percentage of kills by friends in the entire game.
 D = Other kills in this place as a percentage of other kills in the entire game.
 E = Experience gained in this place as a percentage of experience gained in the entire game.
 F = Experience gained in this place divided by the number of levels of this place that you have seen.
                   A       B       C       D       E      F
               +-------+-------+-------+-------+-------+----------------------
         Total | 100.0 | 100.0 |   N/A |   N/A | 100.0 |  33.5
       Dungeon | 100.0 | 100.0 |   N/A |   N/A | 100.0 |  33.5
               +-------+-------+-------+-------+-------+----------------------
